 Dungeon Crawl Stone Soup version 0.20.0-10-g0535bb4 (webtiles) character file.

175 Hook the Firebug (level 5, -2/28 HPs)
             Began as a Kobold Fire Elementalist on June 4, 2017.
             Slain by an iguana (12 damage)
             ... on level 5 of the Dungeon.
             The game lasted 00:10:42 (3432 turns).

Hook the Firebug (Kobold Fire Elementalist)         Turns: 3432, Time: 00:10:43

Health: -2/28      AC:  2    Str:  5    XL:     5   Next: 85%
Magic:  3/10       EV: 16    Int: 17    God:
Gold:   52         SH:  0    Dex: 19    Spells: 4/10 levels left

rFire    . . .     SeeInvis .   j - +0 short sword
rCold    . . .     Gourm    .   (shield restricted)
rNeg     . . .     Faith    .   a - +0 robe
rPois    .         Spirit   .   (no helmet)
rElec    .         Reflect  .   (no cloak)
rCorr    .         Harm     .   (no gloves)
MR       .....                  (no boots)
Stlth    ++........             (no amulet)
Regen    0.1/turn               r - +3 ring of dexterity
MPRegen  0.2/turn               s - ring of loudness (curse)

@: no status effects
A: carnivore 3
a: no special abilities


You were on level 5 of the Dungeon.
You were very full.

You visited 1 branch of the dungeon, and saw 5 of its levels.

You collected 52 gold pieces.

Inventory:

Hand Weapons
 e - a -2 dagger
 j - a +0 short sword (weapon)
Armour
 a - a +0 robe (worn)
Jewellery
 r - a +3 ring of dexterity (left hand)
 s - a cursed ring of loudness (right hand)
Scrolls
 k - a scroll of remove curse
 n - a scroll of fog {unknown}
 q - 2 scrolls of teleportation
Potions
 d - 3 potions of curing
 f - a potion of mutation {unknown}
 g - a potion of heal wounds {unknown}
 h - a potion of degeneration {unknown}
 i - a potion of brilliance {unknown}
 l - a potion of flight {unknown}
 o - a potion of haste {unknown}
 p - a potion of might {unknown}
Books
 b - a book of Flames

   Spells                             Type                      Level
   a - Flame Tongue                   Conjuration/Fire             1
   b - Throw Flame                    Conjuration/Fire             2
   c - Conjure Flame                  Conjuration/Fire             3
   d - Inner Flame                    Hexes/Fire                   3
   e - Sticky Flame                   Conjuration/Fire             4
   f - Fireball                       Conjuration/Fire             5
Comestibles
 c - 5 meat rations
 m - a royal jelly


   Skills:
 + Level 0.7 Fighting
 + Level 0.6 Short Blades
 * Level 3.4 Dodging
 + Level 3.3 Stealth
 * Level 3.4 Spellcasting
 + Level 2.4 Conjurations
 * Level 3.9 Fire Magic


You had 4 spell levels left.
You knew the following spells:

 Your Spells              Type           Power        Failure   Level  Hunger
a - Flame Tongue          Conj/Fire      ##...        4%          1    None
b - Throw Flame           Conj/Fire      ##....       7%          2    ##.....
c - Conjure Flame         Conj/Fire      ##......     14%         3    ###....


Dungeon Overview and Level Annotations

Branches:
Dungeon (5/15)
 Temple: D:4-7

Altars:

Shops:
D:4 =

Annotations:
D:4 Grinder


Innate Abilities, Weirdness & Mutations

You are small and have problems with some larger weapons.
You are carnivorous and can eat meat at any time.


Message History

The flame tongue hits the iguana.
The iguana is moderately wounded.
The iguana bites you!
Casting: Flame Tongue
Confirm with . or Enter, or press ? or * to list all spells.
Aiming: Flame Tongue
Press: ? - help, Shift-Dir - straight line, f/p - iguana
Aim: an iguana (moderately wounded)
The flame tongue hits the iguana.
The iguana appears unharmed.
The iguana is moderately wounded.
The iguana completely misses you.
Casting: Flame Tongue
Confirm with . or Enter, or press ? or * to list all spells.
Aiming: Flame Tongue
Press: ? - help, Shift-Dir - straight line, f/p - iguana
Aim: an iguana (moderately wounded)
The flame tongue hits the iguana.
The iguana appears unharmed.
The iguana is moderately wounded.
The iguana bites you!
You die...

#........#
#........#
#........#
#........#
#........####
#...<........
#####†##....
#l# . #@# #.#
#.# #.# #.#
#.# ..# .##


You could see an iguana.

Vanquished Creatures
  A hound (D:5)
  An orc priest (D:3)
  3 gnolls (D:4)
  3 adders
  A worm (D:2)
  A leopard gecko (D:2)
  4 orcs (D:3)
  9 bats
  3 giant cockroaches
  6 goblins
  5 hobgoblins
  6 kobolds
  A quokka (D:3)
  2 ball pythons
  8 frilled lizards
  6 rats
60 creatures vanquished.

Notes
Turn   | Place    | Note
-------+----------+-------------------------------------------
     0 | D:1      | Hook the Kobold Fire Elementalist began the quest for the Orb.
     0 | D:1      | Reached XP level 1. HP: 10/10 MP: 3/3
   438 | D:1      | Reached XP level 2. HP: 15/15 MP: 0/5
  1191 | D:2      | Learned a level 2 spell: Throw Flame
  1202 | D:2      | Reached XP level 3. HP: 19/19 MP: 0/6
  1863 | D:2      | You fall through a shaft!
  2009 | D:3      | Reached XP level 4. HP: 16/24 MP: 2/8
  2549 | D:3      | Reached XP level 5. HP: 24/28 MP: 9/9
  2615 | D:3      | Learned a level 3 spell: Conjure Flame
  3050 | D:4      | Found Dein's Jewellery Shop.
  3059 | D:4      | Noticed Grinder
  3415 | D:5      | Entered Level 5 of the Dungeon
  3432 | D:5      | Slain by an iguana

Skill      XL: |  1  2  3  4  5 |
---------------+----------------+-----
Dodging        | 3 |  3.4
Stealth        | 3 |  3.3
Conjurations   | 2 |  2.4
Spellcasting   | 3 |  3.4
Fighting       | |  0.7
Short Blades   | |  0.6
Fire Magic     | |  3.9

Action                   |  1- 3 |  4- 6 || total
-------------------------+-------+-------++-------
Melee: Unarmed           |    11 |       ||    11
       Short sword       |    28 |    30 ||    58
 Cast: Flame Tongue      |    51 |    37 ||    88
       Throw Flame       |     1 |    13 ||    14
  Use: Scroll            |     5 |     2 ||     7
 Stab: Sleeping          |     3 |       ||     3
       Distracted        |     1 |       ||     1
  Eat: Chunk             |    12 |     5 ||    17
Armor: Robe              |     6 |     5 ||    11
Dodge: Dodged            |    40 |    45 ||    85
